Map: Para-cité EC

Players

llllllllllll - Winner!

  • Race: Protoss Protoss
  • League: Master
  • Spawn Location: 5:00

jimtoni

  • Race: Terran Terran
  • League: Grandmaster
  • Spawn Location: 11:00

VOD

Have the link to the VOD?

Description

Time

  • Played on: Dec. 7, 2018, 4:20 p.m.
  • Length: 6:50
Show
View Real Time Build Order
Export as new Build Order

llllllllllll Protoss - Winner!

Build Orders:  

Get SALT Encoding   

  12  0:00  Probe  
  13  0:13  Probe  
  14  0:17  Pylon  
  14  0:21  Probe  
  15  0:31  Probe  
  16  0:38  Gateway  
  16  0:41  Probe  
  17  0:50  Assimilator  
  17  0:53  Probe  
  18  1:05  Probe, Pylon  
  19  1:17  Probe  
  22  1:35  Probe  
  22  1:36  Cybernetics Core  
  23  1:46  Nexus  
  21  1:49  Probe  
  22  1:58  Assimilator  
  22  2:01  Probe  
  23  2:06  Pylon  
  23  2:07  Stalker  
  23  2:13  Probe  
  24  2:18  Warp Gate  
  25  2:25  Probe  
  26  2:37  Probe, Stalker  
  29  2:49  Probe  
  29  2:50  Robotics Facility  
  30  2:58  Probe  
  30  3:01  Probe  
  32  3:10  Stalker  
  35  3:13  Probe  
  35  3:17  Pylon  
  35  3:23  Probe  
  35  3:25  Probe  
  37  3:32  Immortal  
  37  3:36  Twilight Council  
  37  3:44  Probe  
  37  3:46  Probe  
  43  3:55  Shield Battery  
  43  3:56  Probe  
  43  3:57  Sentry  
  43  3:58  Probe  
  47  4:03  Immortal  
  47  4:04  Charge  
  47  4:08  Probe, Pylon  
  52  4:25  Gateway  
  52  4:31  Gateway  
  52  4:39  Gateway  
  52  4:43  Warp Prism  
  54  4:45  Sentry  
  54  4:50  Gateway  
  56  4:57  Gateway  
  56  5:06  Gateway  
  56  5:08  Gateway  
  56  5:11  Sentry  
  58  5:14  Gateway  
  58  5:21  Zealot  
  58  5:26  Zealot  
  62  5:34  Zealot  
  64  5:39  Pylon  
  64  5:44  Pylon  
  64  5:52  Zealot x2  
  64  5:53  Zealot  
  70  5:59  Zealot x3  
  70  6:00  Zealot  
  70  6:03  Zealot  
  78  6:19  Zealot x5  
  80  6:31  Stalker x3  
  76  6:40  Stalker x3  
  76  6:46  Zealot  
Show
View Real Time Build Order
Export as new Build Order

jimtoni Terran 

Build Orders: Reaper Expand 

Get SALT Encoding   

  12  0:00  SCV  
  13  0:13  SCV  
  14  0:17  Supply Depot  
  14  0:25  SCV  
  15  0:39  SCV  
  15  0:40  Barracks  
  16  0:43  Refinery  
  16  0:51  SCV  
  17  1:03  SCV  
  18  1:15  SCV  
  19  1:32  Orbital Command, Reaper  
  20  1:45  Command Center  
  20  1:53  Supply Depot  
  20  1:57  SCV  
  21  2:03  Marine  
  22  2:12  Factory, SCV  
  23  2:21  Bunker  
  23  2:24  SCV  
  23  2:27  Barracks Reactor  
  23  2:28  Refinery  
  24  2:37  SCV  
  25  2:49  SCV  
  26  2:57  Factory Tech Lab  
  26  2:59  Orbital Command  
  26  3:01  Starport, SCV  
  27  3:09  Marine x2  
  29  3:13  SCV  
  30  3:23  Cyclone  
  30  3:25  SCV x2  
  34  3:31  Marine x2  
  34  3:32  Supply Depot  
  36  3:37  SCV x2  
  38  3:49  Marine x2, SCV x2  
  42  4:01  SCV x2  
  42  4:02  Supply Depot  
  44  4:03  Raven  
  44  4:04  Widow Mine  
  44  4:06  Marine x2  
  50  4:13  SCV  
  50  4:14  SCV  
  52  4:19  Command Center  
  52  4:23  Refinery  
  52  4:24  Supply Depot  
  52  4:25  SCV  
  52  4:26  SCV  
  52  4:28  Widow Mine  
  52  4:31  Marine x2  
  58  4:38  SCV x2  
  60  4:44  Barracks  
  60  4:50  SCV x2  
  62  4:54  Barracks  
  62  5:00  Marine  
  62  5:01  Factory Reactor  
  62  5:02  SCV x2  
  62  5:03  Starport Reactor  
  62  5:05  Starport Tech Lab  
  65  5:07  Supply Depot  
  65  5:13  Engineering Bay x2  
  66  5:14  SCV x2  
  66  5:18  Marine  
  68  5:22  Refinery  
  68  5:26  SCV x2  
  70  5:32  Orbital Command  
  70  5:38  SCV x2  
  72  5:46  Starport Reactor  
  72  5:49  Barracks  
  72  5:50  SCV x2  
  72  5:52  Barracks  
  72  5:54  Marine, Supply Depot  
  72  5:55  Marine x3  
  78  6:02  SCV x2  
  80  6:05  Widow Mine  
  80  6:06  Widow Mine  
  84  6:14  SCV  
  84  6:15  Marine x4  
  58  6:28  Widow Mine x2  
Tags
 
Add a new tag
Caveats
  • Supply blocks, unpowered buildings, or Contaminate may cause inaccurate times.
  • Supply counts are checked every 10 seconds.